 Dungeon Crawl Stone Soup version 0.18.1-1-g2f07953 (webtiles) character file.

67 Chiseanne the Skirmisher (level 4, -1/44 HPs)
             Began as an Ogre Air Elementalist on May 7, 2016.
             Slain by an ice beast (4 damage)
             ... on level 5 of the Dungeon.
             The game lasted 00:05:33 (2465 turns).

Chiseanne the Skirmisher (Ogre Air Elementalist)    Turns: 2465, Time: 00:05:33

Health: -1/44      AC:  3    Str: 13    XL:     4   Next: 18%
Magic:  4/7        EV: 16    Int: 14    God:
Gold:   153        SH:  0    Dex: 20    Spells: 2 memorised, 4 levels left

rFire  x . .     SeeInvis .     j - +0 mace
rCold  + . .     Gourm    .     a - +0 robe
rNeg   . . .     Faith    .     (no shield)
rPois  .         Spirit   .     (helmet restricted)
rElec  .         Dismiss  .     (no cloak)
rCorr  .         Reflect  .     (gloves unavailable)
SustAt .         Harm     .     (boots unavailable)
MR     .....                    (no amulet)
Stlth  +++.......               r - ring of ice
                                f - +4 ring of dexterity

@: agile, repel missiles, not resistant to hostile enchantments, fairly stealthy
A: unfitting armour, tough skin 1
a: no special abilities


You were on level 5 of the Dungeon.
You were hungry.

You visited 1 branch of the dungeon, and saw 5 of its levels.

You collected 153 gold pieces.

Inventory:

Hand Weapons
 j - a +0 mace (weapon)
Missiles
 k - 97 stones (quivered)
 p - 52 sling bullets
Armour
 a - a +0 robe (worn)
Jewellery
 f - a +4 ring of dexterity (left hand)
 r - a ring of ice (right hand)
Scrolls
 g - 2 scrolls of teleportation
Books
 b - a book of Air

   Spells                             Type                      Level
   a - Shock                          Conjuration/Air              1
   b - Swiftness                      Charms/Air                   2
   c - Repel Missiles                 Charms/Air                   2
   d - Static Discharge               Conjuration/Air              3
   e - Lightning Bolt                 Conjuration/Air              5
 m - a book of Conjurations

   Spells                             Type                      Level
   a - Magic Dart                     Conjuration                  1
   b - Searing Ray                    Conjuration                  2
   c - Dazzling Spray                 Conjuration/Hexes            3
   d - Fulminant Prism                Conjuration/Hexes            4
   e - Iskenderun's Mystic Blast      Conjuration                  4
   f - Iskenderun's Battlesphere      Conjuration/Charms           5
Comestibles
 c - 4 bread rations
 h - a chunk of flesh
 i - a meat ration
 l - 6 fruits


   Skills:
 * Level 2.6 Fighting
 * Level 2.1 Maces & Flails
 * Level 1.1 Throwing
 * Level 2.5 Dodging
 - Level 1.5 Stealth
 - Level 2.4 Spellcasting
 - Level 0.6 Conjurations
 - Level 2.1 Air Magic


You had 4 spell levels left.
You knew the following spells:

 Your Spells              Type           Power        Failure   Level  Hunger
a - Shock                 Conj/Air       #...         14%         1    #......
b - Repel Missiles        Chrm/Air       #.....       24%         2    ###....


Dungeon Overview and Level Annotations

Branches:
Dungeon (6/15)
 Temple: D:4-7

Altars:
Cheibriados
Dithmenos
Ru

Annotations:
D:3 ThereIsNoGod's ghost, amateur DDFi


Innate Abilities, Weirdness & Mutations

You are too large for most types of armour.
You have tough skin (AC +1).


Message History

Aiming: Shock
Press: ? - help, Shift-Dir - straight line, f/p - ice beast
Aim: an ice beast (heavily wounded)
The zap hits the ice beast.
The ice beast is severely wounded.
The ice beast hits you.
* * * LOW HITPOINT WARNING * * *
The ice beast freezes you. You resist.
* * * LOW HITPOINT WARNING * * *
Casting: Shock
Confirm with . or Enter, or press ? or * to list all spells.
Aiming: Shock
Press: ? - help, Shift-Dir - straight line, f/p - ice beast
Aim: an ice beast (heavily wounded)
The zap hits the ice beast.
The ice beast appears unharmed.
The ice beast is heavily wounded.
The ice beast hits you.
* * * LOW HITPOINT WARNING * * *
The ice beast freezes you. You resist.
You die...

######## #
#......# ..
#......# ...
#......+ .Y..
##.@Y.## .....
#.....###......
#..............
##.............
................
..###########....
. ... .. .


You could see an ice beast.

Vanquished Creatures
  An adder (D:2)
  2 worms (D:2)
  4 dart slugs
  3 giant geckos
  A giant cockroach (D:1)
  3 goblins
  A hobgoblin (D:2)
  5 jackals
  A quokka (D:2)
  A ball python (D:1)
  8 bats
  A giant newt (D:3)
  6 kobolds
  5 rats
42 creatures vanquished.

Notes
Turn   | Place    | Note
--------------------------------------------------------------
     0 | D:1      | Chiseanne the Ogre Air Elementalist began the quest for the Orb.
     0 | D:1      | Reached XP level 1. HP: 16/16 MP: 3/3
   216 | D:1      | Reached skill level 1 in Fighting
   264 | D:1      | Reached XP level 2. HP: 25/27 MP: 0/5
   710 | D:1      | Reached skill level 1 in Maces & Flails
   727 | D:1      | Learned a level 2 spell: Repel Missiles
   918 | D:2      | Reached XP level 3. HP: 33/33 MP: 0/6
   979 | D:2      | Found a sacrificial altar of Ru.
  1567 | D:2      | Found a snail-covered altar of Cheibriados.
  1817 | D:2      | Reached skill level 1 in Throwing
  1817 | D:2      | Reached XP level 4. HP: 38/44 MP: 0/7
  2291 | D:3      | Found a shadowy altar of Dithmenos.
  2309 | D:3      | Noticed ThereIsNoGod's ghost (amateur DDFi)
  2356 | D:3      | You fall through a shaft for 3 floors!
  2419 | D:5      | Entered Level 5 of the Dungeon
  2426 | D:5      | Noticed an ice beast
  2465 | D:5      | Slain by an ice beast

Skill      XL: |  1  2  3 |
---------------+----------+-----
Fighting       | 1 2 |  2.6
Dodging        | 2 |  2.5
Maces & Flails | 1 2 |  2.1
Throwing       | 1 |  1.1
Stealth        | |  1.5
Spellcasting   | |  2.4
Conjurations   | |  0.6
Air Magic      | |  2.1

Action                   |  1- 3 |  4- 6 || total
-------------------------+-------+-------++-------
Melee: Dagger            |    13 |       ||    13
       Unarmed           |     3 |       ||     3
       Whip              |    55 |       ||    55
       Mace              |       |    29 ||    29
 Cast: Shock             |    68 |    14 ||    82
       Repel Missiles    |     1 |       ||     1
  Use: Scroll            |     8 |     1 ||     9
       Potion            |       |     4 ||     4
 Stab: Sleeping          |     1 |       ||     1
  Eat: Chunk             |     4 |     2 ||     6
Armor: Robe              |    29 |     8 ||    37
Dodge: Dodged            |    46 |    38 ||    84
       Deflected         |     2 |       ||     2
